 Dungeon Crawl Stone Soup version 0.29.1-1-gd02db69 (webtiles) character file.

Game seed: 1637530483454071745

1712226 IceLeopardTea the Axe Maniac (level 27, 233/233 HPs)
             Began as a Formicid Fighter on Apr 15, 2023.
             Was the Champion of the Shining One.
             Escaped with the Orb
             ... and 3 runes!
             The game lasted 07:08:17 (69788 turns).

IceLeopardTea the Axe Maniac (Formicid Fighter)    Turns: 69788, Time: 07:08:18

Health: 233/233    AC: 36    Str: 42    XL:     27
Magic:  32/32      EV: 29    Int:  9    God:    the Shining One [******]
Gold:   3666       SH: 32    Dex: 23    Spells: 26/26 levels left

rFire   + + .      SeeInvis +   b - +9 battleaxe (holy)
rCold   + + .      Faith    .   A - +6 tower shield {rC+}
rNeg    + + +      Spirit   .   B - +7 chain mail of Eternal Vigilance {rElec rC+ Dex+3 Stlth+}
rPois   +          Reflect  .   (helmet unavailable)
rElec   +          Harm     .   D - +5 cloak "Ywnaxunk" {rCorr SInv}
rCorr   +          Rampage  +   E - +1 pair of gloves "Urorgh" {Rampage Drain rPois rF+}
Will    ++...                   F - +2 pair of boots "Koudeile" {rF+ Str+3}
Stlth   ..........              o - amulet of regeneration
HPRegen 1.28/turn               x - ring of Deosizin {Str+5 Slay+4}
MPRegen 0.23/turn               i - ring "Zeole" {EV+4 Dex+7}

@: glowing, studying Polearms
A: permanent stasis, dig shafts and tunnels, antennae 3, four strong arms, low
MP 1
0: Orb of Zot
}: 3/15 runes: decaying, silver, gossamer
a: Dig, Shaft Self, Renounce Religion, Divine Shield, Cleansing Flame, Summon
Divine Warrior


You escaped.
You worshipped the Shining One.
The Shining One was exalted by your worship.
You visited 13 branches of the dungeon, and saw 53 of its levels.
You visited 2 bazaars.
You also visited: Trove, Ice Cave and Wizlab.

You collected 8590 gold pieces.
You spent 4924 gold pieces at shops.

Inventory:

Hand Weapons
 a - a +9 vorpal executioner's axe
 b - a +9 battleaxe of holy wrath (weapon)
 c - the +7 arbalest of the Equinox {penet, SInv}
   (You found it on level 2 of the Spider Nest)

   Any ammunition fired by it passes through the targets it hits, potentially
   hitting all targets in its path until it reaches maximum range.
   SInv:      It lets you see invisible.
Missiles
 v - 4 curare-tipped darts
 I - 55 poisoned darts (quivered)
Armour
 z - a +2 tower shield of protection
 A - a +6 tower shield of cold resistance (worn)
 B - the +7 chain mail of Eternal Vigilance (worn) {rElec rC+ Dex+3 Stlth+}
   (Okawaru gifted it to you on level 2 of the Orcish Mines)

   Dex:       It affects your dexterity (+3).
   rC:        It protects you from cold.
   rElec:     It insulates you from electricity.
   Stlth:     It makes you more stealthy.
 D - the +5 cloak "Ywnaxunk" (worn) {rCorr SInv}
   (You found it on level 3 of the Elven Halls)

   SInv:      It lets you see invisible.
   rCorr:     It protects you from acid and corrosion.
 E - the +1 pair of gloves "Urorgh" (worn) {Rampage Drain rPois rF+}
   (Okawaru gifted it to you on level 3 of the Lair of Beasts)

   rF:        It protects you from fire.
   rPois:     It protects you from poison.
   Drain:     It drains your maximum health when unequipped.
   Rampage:   It bestows one free step when moving towards enemies.
 F - the +2 pair of boots "Koudeile" (worn) {rF+ Str+3}
   (Okawaru gifted it to you on level 2 of the Elven Halls)

   Str:       It affects your strength (+3).
   rF:        It protects you from fire.
 K - the +1 pair of boots of Wicked Music {rC+ Will+ Stlth+}
   (Okawaru gifted it to you on level 4 of the Swamp)

   rC:        It protects you from cold.
   Will:      It increases your willpower.
   Stlth:     It makes you more stealthy.
 N - +1 gold dragon scales
Jewellery
 g - the amulet of Ihir {Reflect +Blink rC+ rN+ Dex+4 SH+5}
   (You found it in a treasure trove)

   [amulet of reflection]

   It reflects blocked missile attacks.
   Dex:       It affects your dexterity (+4).
   rC:        It protects you from cold.
   rN:        It protects you from negative energy.
   +Blink:    It lets you blink.
   SH:        It affects your SH (+5).
 i - the ring "Zeole" (right hand) {EV+4 Dex+7}
   (You bought it in a shop on level 3 of the Elven Halls)

   [ring of evasion]

   EV:        It affects your evasion (+4).
   Dex:       It affects your dexterity (+7).
 k - a ring of willpower
 m - the ring of Eternal Night {rElec rN+ rCorr}
   (You bought it in a shop in a bazaar)

   [ring of positive energy]

   rElec:     It insulates you from electricity.
   rN:        It protects you from negative energy.
   rCorr:     It protects you from acid and corrosion.
 o - an amulet of regeneration (around neck)
 r - a ring of flight
 u - the ring of Volil {rElec rF+ Int+6}
   (You found it in a treasure trove)

   [ring of protection from fire]

   Int:       It affects your intelligence (+6).
   rF:        It protects you from fire.
   rElec:     It insulates you from electricity.
 x - the ring of Deosizin (left hand) {Str+5 Slay+4}
   (You bought it in a shop in a bazaar)

   [ring of slaying]

   Str:       It affects your strength (+5).
   Slay:      It affects your accuracy & damage with ranged weapons and melee
   (+4).
 Q - a ring of protection from cold
Wands
 e - a wand of paralysis (5)
 t - a wand of light (22)
 w - a wand of digging (8)
 y - a wand of iceblast (44)
 S - a wand of flame (10)
Scrolls
 d - a scroll of torment
 h - 12 scrolls of fear
 l - 2 scrolls of silence
 q - a scroll of butterflies
 G - 8 scrolls of magic mapping
 J - 2 scrolls of enchant weapon
 M - a scroll of amnesia
 X - a scroll of brand weapon
Potions
 f - 28 potions of curing
 j - a potion of attraction
 n - 8 potions of mutation
 p - 18 potions of ambrosia
 C - 4 potions of might
 H - 7 potions of cancellation
 L - 7 potions of resistance
 O - 16 potions of heal wounds
 P - a potion of lignification
 R - a potion of flight
 T - a potion of magic
 U - a potion of brilliance


   Skills:
 + Level 22.6 Fighting
 O Level 27 Axes
 + Level 14.4 Ranged Weapons
 + Level 21.8 Armour
 + Level 20.4 Dodging
 + Level 23.6 Shields
 - Level 18.0 Invocations


You had 26 spell levels left.
You didn't know any spells.
Your spell library contained the following spells:

 Spells                   Type           Power      Damage    Failure   Level
 Apportation              Tloc           0%         N/A       71%         1
 Beastly Appendage        Tmut           0%         N/A       71%         1
 Magic Dart               Conj           0%         1d3       71%         1
 Necrotise                Necr           0%         1d4       71%         1
 Sandblast                Erth           0%         2d4       71%         1
 Shock                    Conj/Air       0%         1d3       71%         1
 Slow                     Hex            0%         N/A       71%         1
 Sting                    Tmut/Pois      0%         1d3       71%         1
 Summon Small Mammal      Summ           0%         N/A       71%         1
 Call Imp                 Summ           0%         N/A       83%         2
 Passwall                 Tmut/Erth      0%         N/A       83%         2
 Poisonous Vapours        Pois/Air       0%         N/A       83%         2
 Sublimation of Blood     Necr           0%         N/A       83%         2
 Wereblood                Tmut           0%         N/A       83%         2
 Call Canine Familiar     Summ           0%         N/A       97%         3
 Confusing Touch          Hex            0%         N/A       97%         3
 Dazzling Flash           Conj/Hex       0%         N/A       97%         3
 Ignite Poison            Fire/Tmut/Pois 0%         N/A       97%         3
 Inner Flame              Hex/Fire       0%         N/A       97%         3
 Lesser Beckoning         Tloc           0%         N/A       97%         3
 Mephitic Cloud           Conj/Pois/Air  0%         N/A       97%         3
 Portal Projectile        Hex/Tloc       0%         N/A       97%         3
 Spider Form              Tmut/Pois      0%         N/A       97%         3
 Stone Arrow              Conj/Erth      0%         3d7       97%         3
 Tukima's Dance           Hex            0%         N/A       97%         3
 Vampiric Draining        Necr           0%         2d6       97%         3
 Airstrike                Air            0%         2d(0-16)  100%        4
 Anguish                  Hex/Necr       0%         N/A       100%        4
 Animate Dead             Necr           0%         N/A       100%        4
 Cause Fear               Hex            0%         N/A       100%        4
 Corpse Rot               Necr/Pois/Air  0%         N/A       100%        4
 Flame Wave               Conj/Fire      0%         2d4       100%        4
 Ice Form                 Ice/Tmut       0%         N/A       100%        4
 Iskenderun's Mystic Bla  Conj/Tloc      0%         2d3       100%        4
 Leda's Liquefaction      Hex/Erth       0%         N/A       100%        4
 Olgreb's Toxic Radiance  Pois           0%         N/A       100%        4
 Passage of Golubria      Tloc           0%         N/A       100%        4
 Petrify                  Tmut/Erth      0%         N/A       100%        4
 Agony                    Necr           0%         N/A       100%        5
 Alistair's Intoxication  Tmut/Pois      0%         N/A       100%        5
 Borgnjor's Vile Clutch   Necr/Erth      0%         N/A       100%        5
 Fireball                 Conj/Fire      0%         3d3       100%        5
 Freezing Cloud           Conj/Ice/Air   0%         6-21      100%        5
 Irradiate                Conj/Tmut      0%         3d11      100%        5
 Iskenderun's Battlesphe  Conj           0%         2d6       100%        5
 Manifold Assault         Tloc           0%         N/A       100%        5
 Metabolic Englaciation   Hex/Ice        0%         N/A       100%        5
 Silence                  Hex/Air        0%         N/A       100%        5
 Yara's Violent Unravell  Hex/Tmut       0%         3d3       100%        5
 Conjure Ball Lightning   Conj/Air       0%         3x3d6     100%        6
 Iron Shot                Conj/Erth      0%         9d1       100%        6
 Simulacrum               Ice/Necr       0%         N/A       100%        6
 Starburst                Conj/Fire      0%         6d3       100%        6
 Statue Form              Tmut/Erth      0%         N/A       100%        6
 Haunt                    Necr/Summ      0%         N/A       100%        7
 Malign Gateway           Summ/Tloc      0%         N/A       100%        7
 Orb of Destruction       Conj           0%         9d5       100%        7
 Ozocubu's Refrigeration  Ice            0%         4d7       100%        7
 Spellforged Servitor     Conj/Summ      0%         N/A       100%        7
 Discord                  Hex            0%         N/A       100%        8
 Ignition                 Fire           0%         3d3       100%        8
 Infestation              Necr           0%         N/A       100%        8
 Lehudib's Crystal Spear  Conj/Erth      0%         10d2      100%        8
 Summon Horrible Things   Summ           0%         N/A       100%        8
 Chain Lightning          Conj/Air       0%         N/A       100%        9
 Fire Storm               Conj/Fire      0%         5d1       100%        9
 Polar Vortex             Ice            0%         N/A       100%        9
 Shatter                  Erth           0%         3d5*      100%        9
 Blink                    Tloc           Unusable   N/A       N/A         2
 Swiftness                Air            Unusable   N/A       N/A         3

Dungeon Overview and Level Annotations

Branches:
Dungeon (15/15)            Temple (1/1) D:5            Lair (5/5) D:11
  Swamp (4/4) Lair:3       Spider (4/4) Lair:2        Slime (0/5) Lair:4
    Orc (2/2) D:10            Elf (3/3) Orc:2        Vaults (5/5) D:14
  Crypt (3/3) Vaults:3       Tomb (1/3) Crypt:3      Depths (4/4) D:15
   Hell (visited)             Dis (0/7) Hell            Geh (0/7) Hell
    Coc (0/7) Hell            Tar (0/7) Hell            Zot (5/5) Depths:4
  IceCv (visited)          WizLab (visited)

Altars:
Ashenzari
Cheibriados
Dithmenos
Elyvilon
Fedhas
Gozag
Hepliaklqana
Kikubaaqudgha
Makhleb
Nemelex Xobeh
Okawaru
Qazlal
Ru
Sif Muna
Trog
Uskayaw
Vehumet
Wu Jian
Xom
Yredelemnul
Zin
The Shining One
Jiyva

Shops:
D:1 (   D:6 !   D:7 (   Orc:1 :?   Orc:2 (([(   Elf:2 (*:?   Elf:3 ?==
Vaults:4 !:   Zot:2 *   Zot:5 *   Depths:4 =

Portals:
Hell: Depths:1 Depths:2 Depths:3 Depths:4
Abyss: Depths:1 Depths:3
Pandemonium: Depths:2 Depths:3
Ziggurat: Depths:2

Annotations:
Zot:5 1 exclusion


Innate Abilities, Weirdness & Mutations

You cannot be hasted, slowed, berserked, paralysed or teleported.
You can dig through walls and to a lower floor.
You have a pair of large antennae on your head. (SInv)
Your four strong arms can wield two-handed weapons with a shield.
Your magical capacity is low. (-10% MP)


Message History

There is an open door here.
There is an open door here.
There is a stone staircase leading up here.
You climb upwards.
There is a stone staircase leading down here.
You see here a +0 short sword.
There is an open door here.
A blizzard demon comes into view.
You carve the blizzard demon like a ham!!!
The blizzard demon convulses!!!
You kill the blizzard demon!
The Shining One accepts your kill.
(D) Dungeon (T) Temple (L) Lair (S) Swamp (N) Spider Nest (M) Slime Pits (O) Orcish Mines (E) Elven Halls (V) Vaults (C) Crypt (W) Tomb (U) Depths (H) Hell (I) Dis (G) Gehenna (X) Cocytus (Y) Tartarus (Z) Zot
Where to? (* - list waypoints, Enter - D:1 @ (x,y), ? - help)
A blizzard demon comes into view.
You slash the blizzard demon!
The blizzard demon convulses!
The blizzard demon is moderately wounded.
You open the blizzard demon like a pillowcase!!!
The blizzard demon convulses!!!
You kill the blizzard demon!
The Shining One accepts your kill.
There is a staircase leading out of the dungeon here.
You start waiting.
You sense a monster nearby.
You start waiting.
You sense a monster nearby.
What are your orders? t - Shout!
Orders for allies: a - Attack new target. r - Retreat! s - Stop attacking. g - Guard the area. f - Follow me.
Anything else - Cancel.
You shout for attention!
A daeva comes into view.
It is wielding a +3 long sword of holy wrath.
The daeva shouts!
You have escaped!

.######..#..#.##.#..### #.#......
.# ####.....#.###.....###.#......
.###..........##..##.###..#......
.##...#...#.#.##.###..#..##...#..
.##............#.####..####......
..........{.#..#..# #.## #......
..........#.#..##.# #.# #.#....
..........###..##.###.#####.....#
...........#####@.A#...'.##.##.##
......##.......###....###.#......
.)....##.......# ##..####.#.#####
..#..###.#..#..# ##.## #.##.#
..#..###.#.....###..# #.##.#
#..............##..## ##.#.#
#.#.....)......##########'#>#
..######.......#............#
∩.>.8..........#............#


You could see a daeva.

Vanquished Creatures
  2 ancient liches
  3 dread liches
  Khufu (Crypt:1)
  2 orbs of fire (Zot:5)
  Mennas (Depths:3)
  2 juggernauts
  The ghost of Switch the Slayer, a veteran DDFi of Makhleb (Vaults:1)
  3 royal mummies
  Vv (Crypt:3)
  the Lernaean hydra (Swamp:4)
  8 Killer Klowns (Zot:5)
  3 curse toes
  A caustic shrike (Depths:2)
  9 golden dragons
  Geryon (Hell)
  A pandemonium lord (Depths:3)
  Nikola (Elf:3)
  3 bone dragons
  2 electric golems (Zot:5)
  2 Brimstone Fiends
  A Cloud Mage (WizLab)
  An Ice Fiend (Depths:1)
  A walking earthen tome (Depths:2)
  25 Orb Guardians (Zot:5)
  16 tentacled monstrosities
  6 liches
  19 titans
  A walking divine tome (Depths:2)
  10 deep elf blademasters
  12 deep elf master archers
  5 quicksilver dragons
  14 death cobs
  16 sphinxes
  Frances (D:12)
  3 ancient champions
  Gastronok (D:9)
  A thorn hunter (Swamp:4)
  11 tengu reavers
  8 storm dragons
  14 shadow dragons
  2 fenstrider witches
  2 revenants
  Roxanne (D:15)
  4 emperor scorpions
  5 draconian monks
  7 deep elf sorcerers
  A cacodemon (Depths:4)
  24 fire giants
  4 draconian knights
  Louise (Depths:3)
  10 ghost moths
  34 frost giants
  5 draconian scorchers
  3 iron dragons
  8 vault wardens
  2 deep elf elementalists (Elf:3)
  2 curse skulls
  10 draconian stormcallers
  4 spriggan defenders (Depths:2)
  2 draconian shifters
  3 reapers (Hell)
  A juggernaut zombie (Hell)
  13 ghouls
  5 ironbound thunderhulks
  3 draconian annihilators
  13 ironbound preservers
  7 war gargoyles
  2 caustic shrike skeletons
  2 broodmothers
  4 deep elf demonologists (Elf:3)
  10 vampire knights
  2 juggernaut skeletons (Depths:3)
  20 very ugly things
  36 stone giants
  12 green draconians
  6 black draconians
  The ghost of Feguytzu the Basher, a journeyman GrMo of Gozag (Spider:2)
  2 eleionomae
  7 yellow draconians
  12 purple draconians
  A lorocyproca (D:2)
  6 deep elf annihilators (Elf:3)
  12 red draconians
  7 bunyips
  5 entropy weavers
  11 white draconians
  10 dire elephants
  5 spark wasps
  8 ettins
  A green death (Hell)
  4 jiangshi
  An iron golem (Hell)
  Josephine (D:12)
  6 deep elf death magi
  2 mummy priests (Tomb:1)
  6 blizzard demons
  4 crystal guardians
  A quicksilver dragon zombie (Crypt:3)
  2 eidola
  A merfolk impaler (Depths:3)
  12 fire dragons
  Fannar (Orc:1)
  5 deep elf high priests
  4 great orbs of eyes
  15 yaktaur captains
  2 rakshasas
  10 ironbound frosthearts
  6 spriggan air magi
  31 vault guards
  7 boulder beetles
  2 juggernaut simulacra
  12 ice dragons
  A boulder beetle (shapeshifter) (Vaults:5)
  A spriggan skeleton (Crypt:3)
  15 hydras
  A hell beast (Depths:3)
  6 ghost crabs
  2 ogre magi
  3 peacekeepers (Vaults:4)
  20 centaur warriors
  3 jorogumos
  5 radroaches
  8 two-headed ogres
  A death knight (Crypt:1)
  31 dancing weapons
  A fenstrider witch skeleton (Hell)
  18 death yaks
  10 death scarabs (Tomb:1)
  A hell hog (Depths:1)
  15 alligators
  5 deep troll shamans
  5 tengu warriors
  15 deep troll earth magi
  2 titan zombies (Crypt:3)
  Urug (Orc:1)
  8 soul eaters
  5 spriggan berserkers
  An orc high priest (Orc:2)
  4 vampire magi
  20 deep elf knights
  A shock serpent (WizLab)
  7 sun demons
  22 hell knights
  A sun moth (Spider:2)
  A bunyip zombie (Crypt:1)
  4 death drakes (WizLab)
  2 sixfirhies
  6 iron trolls
  A shadow wraith (Crypt:2)
  14 skeletal warriors
  3 pharaoh ants
  4 steelbarb worms
  14 swamp dragons
  A golden dragon zombie (Crypt:3)
  An orb spider (shapeshifter) (D:14)
  5 spriggan druids
  51 deep trolls
  A spark wasp zombie (Hell)
  7 goliath frogs
  A glowing orange brain (Depths:3)
  6 bog bodies
  A shadow demon (Depths:3)
  A spriggan simulacrum (Crypt:1)
  10 orb spiders
  A kraken simulacrum (Hell)
  An anaconda skeleton (Crypt:2)
  A tengu zombie (Hell)
  3 flayed ghosts
  20 deep elf archers
  16 necromancers
  5 phantasmal warriors
  11 wizards
  8 harpies (Vaults:1)
  7 lindwurms
  4 orc knights
  18 ironbound convokers
  A fire giant zombie (Hell)
  A sphinx zombie (Hell)
  2 tengu skeletons
  22 deep elf zephyrmancers
  20 wolf spiders
  An oklob plant (Lair:4)
  An iron dragon zombie (Hell)
  A cyclops (shapeshifter) (Vaults:4)
  10 cyclopes
  A frost giant zombie (Depths:3)
  32 deep elf pyromancers
  39 ugly things
  A stone giant zombie (Hell)
  A manticore (D:12)
  11 elephants
  A stone giant skeleton (Depths:1)
  4 will-o-the-wisps
  3 orc sorcerers
  22 moths of wrath
  A human skeleton (Vaults:1)
  6 centaur zombies
  A guardian serpent (shapeshifter) (D:14)
  10 smoke demons
  3 apocalypse crabs (WizLab)
  2 ice statues
  16 vault sentinels
  An eye of devastation (shapeshifter) (Vaults:4)
  3 molten gargoyles (Hell)
  5 black mambas
  9 rust devils
  An orange demon (D:13)
  4 torpor snails
  An emperor scorpion simulacrum (Spider:2)
  Maggie (D:7)
  12 demonic crawlers
  13 cane toads
  2 unseen horrors
  8 rime drakes
  A yaktaur zombie (Vaults:1)
  5 freezing wraiths
  2 spriggan zombies
  3 centaur skeletons
  10 komodo dragons
  2 efreet
  An entropy weaver simulacrum (Spider:2)
  A kobold demonologist (D:14)
  A yaktaur (shapeshifter) (Vaults:5)
  19 yaktaurs
  2 ghost moth simulacra (Spider:2)
  3 tengu conjurers (D:14)
  A black draconian skeleton (Crypt:1)
  3 guardian mummies (Tomb:1)
  2 red devils
  4 harpy zombies
  8 polar bears
  A death yak skeleton (Crypt:1)
  2 ice devils
  A hydra zombie (Hell)
  A queen bee (Spider:2)
  4 tyrant leeches
  36 slime creatures
  3 wolf spider simulacra (Spider:2)
  2 hellwings (D:13)
  5 trolls
  9 meliai
  3 wind drakes (WizLab)
  A hydra skeleton (Hell)
  An alligator zombie (Hell)
  Grinder (D:4)
  32 tarantellas
  Prince Ribbit (D:9)
  27 blink frogs
  2 harpy skeletons (Crypt:3)
  20 hornets
  14 dream sheep
  An iron dragon simulacrum (Crypt:1)
  A dream sheep (shapeshifter) (Vaults:5)
  41 jumping spiders
  An alligator skeleton (Hell)
  16 air elementals
  2 centaur simulacra
  2 ettin skeletons
  36 flying skulls
  3 shadows
  78 yaks
  12 wraiths
  28 spriggans
  A naga simulacrum (Hell)
  19 culicivoras
  2 vampires (D:12)
  2 wyverns
  Eustachio (D:4)
  A basilisk (Lair:4)
  5 water elementals
  A black mamba skeleton (Crypt:3)
  A ynoxinul (D:13)
  A basilisk (shapeshifter) (D:15)
  2 sea snake simulacra (Hell)
  5 steam dragons
  A chaos spawn (D:13)
  3 fire elementals
  57 redbacks
  3 unseen horror simulacra (D:9)
  A golden eye (shapeshifter) (Elf:3)
  23 vampire mosquitoes
  A wind drake skeleton (Crypt:2)
  A faun zombie (Crypt:1)
  19 swamp worms
  2 acid dragons
  Edmund (D:6)
  A naga zombie (Crypt:3)
  A small abomination (D:15)
  12 water moccasins
  A hydra simulacrum (Hell)
  10 hell hounds
  2 glowing shapeshifter zombies (Hell)
  A glowing shapeshifter skeleton (Vaults:1)
  7 swamp drakes
  2 floating eyes (Depths:2)
  A faun skeleton (Crypt:2)
  43 orc warriors
  3 ice beasts
  5 black bears
  A sky beast (D:6)
  A blink frog zombie (Crypt:1)
  An alligator simulacrum (Hell)
  2 tengu (shapeshifter) (Vaults:5)
  38 wolves
  7 ogres
  6 boggarts
  19 centaurs
  A manticore skeleton (Crypt:1)
  A lindwurm skeleton (Crypt:1)
  9 bullfrogs
  9 necrophages
  3 kobold brigands
  2 gnoll sergeants
  A cane toad simulacrum (Lair:2)
  An earth elemental (Elf:1)
  5 scorpions
  11 wights
  A komodo dragon skeleton (Crypt:2)
  36 killer bees
  2 electric eels (Lair:3)
  2 howler monkeys
  8 hounds
  A hound (shapeshifter) (Vaults:5)
  A human zombie (Crypt:1)
  13 orc priests
  2 gnoll boudas
  2 jellies
  Ijyb (D:3)
  Jessica (D:2)
  3 iguanas
  Terence (D:3)
  Natasha (thrice) (D:3)
  10 orc wizards
  6 hell rats (Lair:2)
  A deep dwarf zombie (Crypt:2)
  An acid dragon skeleton (Crypt:2)
  A boggart simulacrum (D:15)
  A hound skeleton (Crypt:2)
  15 mummies
  Robin (D:2)
  26 gnolls
  8 adders
  A shadow imp (D:5)
  6 white imps
  2 ufetubi
  A jelly zombie (Crypt:2)
  2 worms
  A dart slug (D:2)
  78 orcs
  7 bats
  3 endoplasms
  3 giant cockroaches
  11 goblins
  12 hobgoblins
  4 jackals (D:1)
  16 kobolds
  A quokka (D:2)
  4 ball pythons
  A frilled lizard (shapeshifter) (Depths:2)
  5 frilled lizards
  A hobgoblin zombie (Crypt:2)
  A quokka skeleton (Crypt:1)
  7 rats
2577 creatures vanquished.

Vanquished Creatures (collateral kills)
  A lich (Tomb:1)
  3 mummy priests (Tomb:1)
  A spriggan skeleton (Tomb:1)
  3 death scarabs (Tomb:1)
  5 skeletal warriors (Tomb:1)
  4 guardian mummies (Tomb:1)
  6 mummies (Tomb:1)
23 creatures vanquished.

Vanquished Creatures (others)
  A tentacled monstrosity (Zot:1)
  A death cob (Zot:1)
  A fire giant (Depths:2)
  A ghost moth (Spider:4)
  A frost giant (Vaults:5)
  A draconian stormcaller (Zot:1)
  A spriggan air mage (WizLab)
  A pharaoh ant (Spider:1)
  A moth of wrath (Zot:1)
  A bloated husk (Swamp:3)
  An air elemental (WizLab)
  A centaur (Orc:2)
  A bullfrog (D:9)
  2 briar patches (Swamp:4)
  A bush (Lair:3)
  3 demonic plants (D:13)
  26 foxfires
  24 fungi
  72 plants
  4 tentacles (Hell)
  3 withered plants (D:12)
148 creatures vanquished.

Grand Total: 2748 creatures vanquished

Notes
Turn   | Place    | Note
-------+----------+-------------------------------------------
     0 | D:1      | IceLeopardTea the Formicid Fighter began the quest for the
                  | Orb.
     0 | D:1      | Reached XP level 1. HP: 18/18 MP: 1/1
    83 | D:1      | Reached XP level 2. HP: 18/24 MP: 2/2
   350 | D:1      | Reached XP level 3. HP: 29/29 MP: 3/3
   503 | D:1      | Found Kiakaal's Antique Weapon Emporium.
   812 | D:2      | Reached skill level 1 in Dodging
   812 | D:2      | Reached XP level 4. HP: 33/35 MP: 4/4
   914 | D:2      | Identified the +1 ring mail of Dedig {Regen+ Str+10 Dex-3}
  1214 | D:2      | Noticed Jessica
  1227 | D:2      | Killed Jessica
  1228 | D:2      | Reached skill level 3 in Axes
  1274 | D:2      | Reached XP level 5. HP: 42/42 MP: 5/5
  1387 | D:2      | Found a faded altar of an unknown god.
  1506 | D:2      | Noticed Robin
  1531 | D:2      | Killed Robin
  1914 | D:3      | Noticed Ijyb
  1929 | D:3      | Killed Ijyb
  1958 | D:3      | Noticed Terence
  1974 | D:3      | Killed Terence
  1975 | D:3      | Reached skill level 5 in Shields
  2122 | D:3      | Reached XP level 6. HP: 47/48 MP: 6/6
  2156 | D:3      | Noticed Natasha
  2163 | D:3      | Killed Natasha
  2168 | D:3      | Reached skill level 4 in Axes
  2280 | D:3      | Found a shimmering altar of Xom.
  2280 | D:3      | Found a white marble altar of Elyvilon.
  2726 | D:3      | Noticed Natasha
  2730 | D:3      | Killed Natasha
  2731 | D:3      | Reached XP level 7. HP: 55/55 MP: 7/7
  2747 | D:3      | Noticed Natasha
  2754 | D:3      | Killed Natasha
  2788 | D:4      | Noticed Grinder
  2798 | D:4      | Killed Grinder
  2853 | D:4      | Noticed Eustachio
  2920 | D:4      | Reached skill level 5 in Axes
  2997 | D:4      | Reached XP level 8. HP: 61/61 MP: 8/8
  3104 | D:4      | Reached skill level 5 in Fighting
  3106 | D:4      | Reached skill level 5 in Armour
  3276 | D:4      | Killed Eustachio
  3350 | D:5      | Entered Level 5 of the Dungeon
  3406 | D:5      | Noticed a troll
  3415 | D:5      | Killed a troll
  3416 | D:5      | Reached skill level 6 in Axes
  3548 | D:5      | Reached XP level 9. HP: 69/69 MP: 7/9
  3645 | D:5      | Found a staircase to the Ecumenical Temple.
  3657 | Temple   | Entered the Ecumenical Temple
  3663 | Temple   | Became a worshipper of Warmaster Okawaru
  4010 | D:5      | Reached skill level 1 in Invocations
  4231 | D:5      | Reached skill level 7 in Axes
  4304 | D:5      | Reached * piety under Okawaru
  4755 | D:6      | Noticed Edmund
  4770 | D:6      | Killed Edmund
  4798 | D:6      | Noticed a cyclops
  4827 | D:6      | Killed a cyclops
  4895 | D:6      | Found Vetreaph's Distillery.
  5119 | D:6      | Reached XP level 10. HP: 77/77 MP: 12/12
  5635 | D:6      | Reached ** piety under Okawaru
  6039 | D:7      | Found Olenn's Weapon Shoppe.
  6127 | D:7      | Reached skill level 8 in Axes
  6223 | D:7      | Found a basalt altar of Yredelemnul.
  6227 | D:7      | Found a snail-covered altar of Cheibriados.
  6234 | D:7      | Noticed Maggie
  6272 | D:7      | Killed Maggie
  6273 | D:7      | Reached skill level 5 in Dodging
  6951 | D:8      | Noticed a two-headed ogre
  7126 | D:8      | Reached *** piety under Okawaru
  7458 | D:8      | Reached skill level 9 in Axes
  7458 | D:8      | Reached XP level 11. HP: 74/83 MP: 10/14
  7480 | D:8      | Reached **** piety under Okawaru
  7481 | D:8      | Reached skill level 5 in Invocations
  7806 | D:8      | Killed a two-headed ogre
  8249 | D:9      | Found an opulent altar of Gozag.
  8349 | D:9      | Noticed Gastronok
  8431 | D:9      | Reached ***** piety under Okawaru
  8586 | D:9      | Found a glowing silver altar of Zin.
  8630 | D:9      | Noticed Prince Ribbit
  8645 | D:9      | Killed Prince Ribbit
  8646 | D:9      | Reached skill level 10 in Axes
  8686 | D:9      | Killed Gastronok
  8687 | D:9      | Reached skill level 10 in Shields
  8854 | D:9      | Received a gift from Okawaru
  8855 | D:9      | Reached XP level 12. HP: 51/94 MP: 10/16
  9122 | D:10     | Entered Level 10 of the Dungeon
  9174 | D:10     | Identified the +5 sling of Benevolence {vorpal, rPois rC++
                  | Int+4}
  9535 | D:10     | Found a portal to a secret trove of treasure.
  9764 | D:10     | Received a gift from Okawaru
  9963 | D:10     | Found a staircase to the Orcish Mines.
 10778 | D:11     | Noticed a boulder beetle
 10817 | D:11     | Found a staircase to the Lair.
 10839 | D:11     | Killed a boulder beetle
 11743 | D:11     | Reached skill level 11 in Axes
 11747 | D:11     | Identified the +1 cloak of Vihet {rPois rC- Int+8 Dex+2}
                  | (Okawaru gifted it to you on level 11 of the Dungeon)
 11747 | D:11     | Received a gift from Okawaru
 12075 | Lair:1   | Entered Level 1 of the Lair of Beasts
 12819 | Lair:1   | Reached XP level 13. HP: 80/101 MP: 14/18
 13387 | Lair:2   | Found a frozen archway.
 13400 | IceCv    | Entered an ice cave
 13697 | IceCv    | Reached skill level 12 in Axes
 14153 | IceCv    | Reached skill level 10 in Fighting
 14215 | IceCv    | Reached skill level 10 in Armour
 14227 | IceCv    | Identified the +6 scale mail "Umemo" {rElec rF- rN+}
                  | (Okawaru gifted it to you in an ice cave)
 14227 | IceCv    | Received a gift from Okawaru
 14534 | IceCv    | Noticed a frost giant
 14572 | IceCv    | Killed a frost giant
 15220 | Lair:2   | Found a hole to the Spider Nest.
 15247 | Lair:2   | Reached ****** piety under Okawaru
 15260 | Lair:2   | Identified the +1 mace of Insufficient Pleasure {vorpal,
                  | rN+++}
 15340 | Lair:2   | Reached XP level 14. HP: 111/111 MP: 20/20
 15997 | Lair:3   | Reached skill level 13 in Axes
 16081 | Lair:3   | Identified the +10 whip "Wiephiss" {pain, Int-3 Dex+5
                  | Stlth+}
 16411 | Lair:3   | Identified the +1 pair of gloves "Urorgh" {Rampage Drain
                  | rPois rF+} (Okawaru gifted it to you on level 3 of the Lair
                  | of Beasts)
 16411 | Lair:3   | Received a gift from Okawaru
 16809 | Lair:3   | Reached skill level 10 in Invocations
 17142 | Lair:3   | Found a staircase to the Swamp.
 17450 | Lair:4   | Found a viscous altar of Jiyva.
 17450 | Lair:4   | Found a staircase to the Slime Pits.
 17998 | Lair:4   | Reached XP level 15. HP: 113/119 MP: 20/22
 18076 | Lair:4   | Identified the +0 pair of gloves of the Alphagorgon {Dex+4}
                  | (Okawaru gifted it to you on level 4 of the Lair of Beasts)
 18076 | Lair:4   | Received a gift from Okawaru
 18659 | Lair:5   | Entered Level 5 of the Lair of Beasts
 18752 | Lair:5   | Reached skill level 14 in Axes
 19800 | Lair:5   | Received a gift from Okawaru
 20365 | D:10     | Identified the +5 mace of Welfare {speed, rN+}
 20470 | Orc:1    | Entered Level 1 of the Orcish Mines
 20470 | Orc:1    | Noticed Urug
 20478 | Orc:1    | Killed Urug
 20549 | Orc:1    | Noticed Fannar
 20578 | Orc:1    | Killed Fannar
 20808 | Orc:2    | Entered Level 2 of the Orcish Mines
 20810 | Orc:2    | Found Koesiv's Assorted Antiques.
 20908 | Orc:2    | Reached XP level 16. HP: 110/127 MP: 22/24
 20936 | Orc:2    | Found a staircase to the Elven Halls.
 21040 | Orc:1    | Found Geituec's Self-Improvement Boutique.
 21267 | Orc:1    | Found Ewkoixzu's Magic Scroll Emporium.
 21432 | Orc:2    | Identified the +7 chain mail of Eternal Vigilance {rElec
                  | rC+ Dex+3 Stlth+} (Okawaru gifted it to you on level 2 of
                  | the Orcish Mines)
 21432 | Orc:2    | Received a gift from Okawaru
 21445 | Orc:2    | Reached skill level 15 in Axes
 21808 | Orc:2    | Reached skill level 10 in Dodging
 21952 | Orc:2    | Found Ytasycwikh's Antique Weapon Shop.
 21952 | Orc:2    | Found Ychuij's Armour Shoppe.
 21954 | Orc:2    | Found Guozyem's Antique Weapon Boutique.
 21956 | Orc:2    | Found Zojeon's Antique Weapon Emporium.
 21972 | Orc:2    | Bought a glowing battleaxe for 275 gold pieces
 22030 | Orc:1    | Bought a manual of Shields for 800 gold pieces
 22147 | D:12     | Noticed Josephine
 22157 | D:12     | Killed Josephine
 22361 | D:12     | You fall into a shaft and drop 2 floors!
 22610 | D:13     | Found a shimmering altar of Xom.
 22610 | D:13     | Found a shimmering altar of Xom.
 22617 | D:13     | Found a shimmering altar of Xom.
 22618 | D:13     | Found a shimmering altar of Xom.
 22618 | D:13     | Found a shimmering altar of Xom.
 22619 | D:13     | Found a shimmering altar of Xom.
 22620 | D:13     | Found a shimmering altar of Xom.
 22736 | D:12     | Reached skill level 15 in Shields
 22995 | D:12     | Noticed Frances
 23009 | D:12     | Killed Frances
 23722 | D:13     | Identified the +2 pair of gloves of Okawaru's Pride {rElec}
                  | (Okawaru gifted it to you on level 13 of the Dungeon)
 23722 | D:13     | Received a gift from Okawaru
 24058 | D:13     | Identified the +0 scale mail of the Game of Kings {Int+2
                  | Stlth+}
 24542 | D:14     | Reached XP level 17. HP: 82/135 MP: 17/26
 24715 | D:14     | Found a gate to the Vaults.
 24957 | D:13     | Reached skill level 16 in Axes
 25778 | D:14     | Noticed a sphinx
 25792 | D:14     | Killed a sphinx
 25792 | D:14     | Identified the +8 plate armour of Sunlight {Rampage rPois
                  | Dex+4 Slay-2} (Okawaru gifted it to you on level 14 of the
                  | Dungeon)
 25792 | D:14     | Received a gift from Okawaru
 25815 | D:14     | Identified the +8 halberd "Vuxi" {vorpal, Str-4 Dex+6}
 25860 | D:15     | Entered Level 15 of the Dungeon
 25871 | D:15     | Found a staircase to the Depths.
 26627 | D:15     | Identified Roxanne's Disquisition on the Geologist
 26627 | D:15     | Noticed Roxanne
 26992 | D:15     | Found a basalt altar of Yredelemnul.
 27192 | D:15     | Killed Roxanne
 27291 | D:11     | Identified a scroll of acquirement
 27297 | D:11     | Acquired the +2 pair of boots "Nuta" {Slay+2}
 27377 | Swamp:1  | Entered Level 1 of the Swamp
 28688 | Swamp:2  | Identified the +2 chain mail of Yqeir {*Corrode Dex+10
                  | Slay+2} (Okawaru gifted it to you on level 2 of the Swamp)
 28688 | Swamp:2  | Received a gift from Okawaru
 28900 | Swamp:2  | Reached XP level 18. HP: 131/144 MP: 25/28
 29159 | Swamp:3  | Reached skill level 17 in Axes
 29604 | Swamp:3  | Acquired a manual of Armour
 29846 | Swamp:4  | Entered Level 4 of the Swamp
 30489 | Swamp:4  | Identified the +1 pair of boots of Wicked Music {rC+ Will+
                  | Stlth+} (Okawaru gifted it to you on level 4 of the Swamp)
 30489 | Swamp:4  | Received a gift from Okawaru
 31853 | Swamp:4  | Noticed the 27-headed Lernaean hydra
 31875 | Swamp:4  | Killed the 16-headed Lernaean hydra
 31919 | Swamp:4  | Identified the +3 ring mail "Roava Retoba" {+Inv}
 32045 | Swamp:4  | Got a decaying rune of Zot
 32409 | Spider:1 | Entered Level 1 of the Spider Nest
 32962 | Spider:1 | Reached XP level 19. HP: 153/153 MP: 29/29
 33054 | Spider:1 | Reached skill level 18 in Axes
 33054 | Spider:1 | Reached skill level 15 in Armour
 33062 | Spider:1 | Identified the +2 robe of the Amoeba {rN+ Will+ Str+2
                  | Dex+3} (Okawaru gifted it to you on level 1 of the Spider
                  | Nest)
 33062 | Spider:1 | Received a gift from Okawaru
 34471 | Spider:2 | Found a transporter.
 34472 | Spider:2 | Noticed Feguytzu's ghost (journeyman GrMo)
 34475 | Spider:2 | Found a transporter.
 34599 | Spider:2 | Killed Feguytzu's ghost
 34630 | Spider:2 | Identified the +7 arbalest of the Equinox {penet, SInv}
 35657 | Spider:3 | Reached skill level 15 in Fighting
 35771 | Spider:3 | Received a gift from Okawaru
 35773 | Spider:3 | Reached skill level 15 in Invocations
 36029 | Spider:3 | Identified the +5 morningstar "Newt's Death Toll"
                  | {antimagic, rPois Str+2 Dex+4}
 36126 | Spider:4 | Entered Level 4 of the Spider Nest
 36372 | Spider:4 | Identified the +3 mace of Qazlal's Hatred {vorpal, rElec
                  | rCorr Str-2 SInv}
 36841 | Spider:4 | Reached skill level 19 in Axes
 37037 | Spider:4 | Reached XP level 20. HP: 79/155 MP: 15/31
 37037 | Spider:4 | Received a gift from Okawaru
 37530 | Spider:4 | Got a gossamer rune of Zot
 38059 | Vaults:1 | Entered Level 1 of the Vaults
 38313 | Vaults:1 | Identified the +4 broad axe of Egopomin {flame, rElec Int-4
                  | SInv} (Okawaru gifted it to you on level 1 of the Vaults)
 38313 | Vaults:1 | Received a gift from Okawaru
 39232 | Vaults:1 | Identified the +6 demon blade of Okawaru's Envy {elec, rC+
                  | Stlth+} (Okawaru gifted it to you on level 1 of the Vaults)
 39232 | Vaults:1 | Received a gift from Okawaru
 39451 | Vaults:1 | Reached skill level 20 in Axes
 39670 | Vaults:1 | Found a runed translucent door.
 39670 | Vaults:1 | Noticed Switch's ghost (veteran DDFi)
 39890 | Vaults:2 | Reached XP level 21. HP: 154/171 MP: 28/32
 39929 | Vaults:2 | Found a flickering gateway to a bazaar.
 39939 | Bazaar   | Entered a bazaar
 39944 | Bazaar   | Found Jumatir's Antique Armour Shop.
 39960 | Bazaar   | Found Inips's Book Shop.
 40000 | Bazaar   | Bought an embroidered cloak for 172 gold pieces
 40014 | Bazaar   | Bought Great Wizards, Vol. VII for 510 gold pieces
 40114 | Vaults:2 | Identified the +8 war axe of Death's Door {freeze, SInv}
                  | (Okawaru gifted it to you on level 2 of the Vaults)
 40114 | Vaults:2 | Received a gift from Okawaru
 41144 | Vaults:2 | Received a gift from Okawaru
 41381 | Vaults:3 | Found a gateway to a bazaar.
 41399 | Bazaar   | Entered a bazaar
 41403 | Bazaar   | Found Bolif's Weapon Boutique.
 41421 | Bazaar   | Found Nijuced's Antique Weapon Emporium.
 41448 | Bazaar   | Found Pyhess's Weapon Boutique.
 41468 | Bazaar   | Found Nisump's Jewellery Shoppe.
 41473 | Bazaar   | Bought the ring of Eternal Night {rElec rN+ rCorr} for 277
                  | gold pieces
 41473 | Bazaar   | Bought the ring of Deosizin {Str+5 Slay+4} for 668 gold
                  | pieces
 41518 | Bazaar   | Bought a +7 battleaxe of electrocution for 372 gold pieces
 42145 | Vaults:3 | Found a staircase to the Crypt.
 42512 | Vaults:3 | Identified the +1 pair of boots of Moed {Str+2} (Okawaru
                  | gifted it to you on level 3 of the Vaults)
 42512 | Vaults:3 | Received a gift from Okawaru
 42684 | Vaults:4 | Reached skill level 21 in Axes
 42710 | Vaults:4 | Found Muthuuma's Book Boutique.
 42739 | Vaults:4 | Found Cireum's Distillery.
 42755 | Vaults:4 | Found a magical portal.
 42820 | WizLab   | Entered The Chambers of the Cloud Mage
 43709 | WizLab   | Reached XP level 22. HP: 167/181 MP: 34/34
 44148 | WizLab   | Got Tithri's Writings on Singed Hypothermia
 45491 | Orc:1    | Bought a scroll of magic mapping for 90 gold pieces
 45491 | Orc:1    | Bought a scroll of enchant armour for 90 gold pieces
 45523 | Elf:1    | Entered Level 1 of the Elven Halls
 45650 | Elf:1    | Reached skill level 1 in Ranged Weapons
 45724 | Elf:1    | Received a gift from Okawaru
 45800 | Elf:1    | Found a shimmering blue altar of Sif Muna.
 45894 | Elf:1    | Identified the +1 shortbow of True Grit {venom, *Slow rPois
                  | Int+3 Dex+6}
 46334 | Elf:2    | Found Fiann's Book Emporium.
 46347 | Elf:2    | Found Roiwn's General Store.
 46364 | Elf:2    | Found Paxkafan's Antique Weapon Shoppe.
 46525 | Elf:2    | Identified the +2 pair of boots "Koudeile" {rF+ Str+3}
                  | (Okawaru gifted it to you on level 2 of the Elven Halls)
 46525 | Elf:2    | Received a gift from Okawaru
 46780 | Elf:2    | Found a runed translucent gate.
 46781 | Elf:2    | Found a runed translucent gate.
 46781 | Elf:2    | Found a runed translucent gate.
 46846 | Elf:2    | Found Suacisoi's Magic Scroll Shoppe.
 47124 | Elf:2    | Reached skill level 22 in Axes
 47510 | Elf:2    | Reached XP level 23. HP: 177/188 MP: 32/35
 47851 | Depths:1 | Entered Level 1 of the Depths
 48031 | Depths:1 | Found a gateway to Hell.
 48090 | Depths:1 | Reached skill level 15 in Dodging
 48461 | Depths:1 | Found a one-way gate to the infinite horrors of the Abyss.
 49003 | Depths:1 | You fall into a shaft and drop 1 floor!
 49227 | Depths:2 | Found a one-way gate leading to the halls of Pandemonium.
 49227 | Depths:2 | Found a one-way gateway to a ziggurat.
 49977 | Depths:2 | Found a radiant altar of Vehumet.
 49978 | Depths:2 | Found a burning altar of Makhleb.
 49978 | Depths:2 | Found a burning altar of Makhleb.
 50010 | Depths:2 | Reached skill level 5 in Ranged Weapons
 50192 | Depths:2 | Received a gift from Okawaru
 50575 | Depths:2 | Identified the +7 war axe of Qocugoaw {freeze, *Rage Str+5
                  | Int+3} (Okawaru gifted it to you on level 2 of the Depths)
 50575 | Depths:2 | Received a gift from Okawaru
 51077 | Depths:2 | Reached XP level 24. HP: 178/199 MP: 33/36
 51189 | Depths:2 | Noticed a caustic shrike
 51194 | Depths:2 | Killed a caustic shrike
 51212 | Depths:2 | Reached skill level 23 in Axes
 51550 | Depths:2 | Received a gift from Okawaru
 51572 | Depths:2 | Identified the +5 chain mail "Ockyry" {Int+4}
 51591 | Depths:2 | Noticed a juggernaut
 51604 | Depths:2 | Killed a juggernaut
 51695 | Depths:2 | Identified the +5 tower shield of Action {rC- rN+ Will+
                  | Str+2} (Okawaru gifted it to you on level 2 of the Depths)
 51695 | Depths:2 | Received a gift from Okawaru
 51942 | Depths:3 | Identified the +1 tower shield "Noseur" {rElec Slay+2}
 51942 | Depths:3 | Noticed Mennas
 51971 | Depths:3 | Killed Mennas
 52040 | Depths:3 | Reached XP level 25. HP: 185/206 MP: 36/36
 52154 | Depths:3 | Noticed Louise
 52168 | Depths:3 | Killed Louise
 53097 | Depths:4 | Entered Level 4 of the Depths
 53101 | Depths:4 | Received a gift from Okawaru
 53284 | Depths:4 | Noticed a juggernaut
 53306 | Depths:4 | Killed a juggernaut
 53362 | Depths:4 | Reached XP level 26. HP: 80/212 MP: 14/36
 53435 | Depths:4 | Reached skill level 24 in Axes
 54005 | Depths:4 | Found Fanefytu's Jewellery Emporium.
 54143 | Depths:4 | Found a gate to the Realm of Zot.
 54200 | Depths:4 | Bought an amulet of regeneration for 420 gold pieces
 54804 | Elf:3    | Entered Level 3 of the Elven Halls
 54825 | Elf:3    | Found Ulith's Jewellery Boutique.
 54841 | Elf:3    | Found Ysylal's Jewellery Boutique.
 55187 | Elf:3    | Found Vyus's Magic Scroll Boutique.
 55205 | Elf:3    | Noticed Nikola
 55212 | Elf:3    | Killed Nikola
 55531 | Elf:3    | Identified the +10 mace of Sharkskin {holy, Int+2}
 55882 | Elf:3    | Identified the +5 plate armour of Impressiveness {rN+
                  | rCorr}
 55944 | Elf:3    | Identified the +11 dagger of Idut Wob {vorpal, rCorr Str-4
                  | Int+7}
 56077 | Elf:3    | Identified the +5 cloak "Ywnaxunk" {rCorr SInv}
 56129 | Elf:3    | Got Sif Muna's Volume of Unhallowed Mysteries and Combat
                  | Magic
 56547 | Elf:3    | Identified the ring "Xuklouce" {rC+ Str-3 Int+6 Stlth+}
 56561 | Elf:3    | Bought a scroll of enchant armour for 135 gold pieces
 56561 | Elf:3    | Bought a scroll of enchant armour for 135 gold pieces
 56597 | Elf:3    | Bought the ring "Zeole" {EV+4 Dex+7} for 980 gold pieces
 56821 | D:10     | You paid a toll of +6 ice dragon scales to enter a treasure
                  | trove
 56822 | Trove    | Entered a treasure trove
 56825 | Trove    | Identified the amulet of Ihir {Reflect +Blink rC+ rN+ Dex+4
                  | SH+5}
 56827 | Trove    | Identified the amulet "Xeluf" {Reflect rF+ rC- Will+ Str+7
                  | SH+5}
 56835 | Trove    | Identified the ring of Iggul {*Corrode rPois rF+ Str+2}
 56842 | Trove    | Identified the ring "Eschac" {rPois rF- Will+ Int+4}
 56844 | Trove    | Identified the ring of Volil {rElec rF+ Int+6}
 57014 | Vaults:1 | Killed Switch's ghost
 57157 | Vaults:5 | Entered Level 5 of the Vaults
 57162 | Vaults:5 | Identified the -2 kite shield of Absence {rC+ Slay+3}
                  | (Okawaru gifted it to you on level 5 of the Vaults)
 57162 | Vaults:5 | Received a gift from Okawaru
 57578 | Vaults:4 | Reached XP level 27. HP: 193/224 MP: 36/36
 57917 | Vaults:5 | Identified the +4 falchion "Undertaker" {elec, MP+9}
 57978 | Vaults:5 | Reached skill level 10 in Ranged Weapons
 57995 | Vaults:5 | Identified the +8 plate armour of Okawaru's Condemnation
                  | {Will++ Dex-3} (Okawaru gifted it to you on level 5 of the
                  | Vaults)
 57995 | Vaults:5 | Received a gift from Okawaru
 58009 | Vaults:5 | Noticed an ancient lich
 58028 | Vaults:5 | Killed an ancient lich
 58242 | Vaults:5 | Identified the +1 ring mail "Kigorghupikk" {Str+4}
 58244 | Vaults:5 | Identified the +1 scale mail of the Enormous God {rPois
                  | Int+5}
 58319 | Vaults:5 | Reached skill level 25 in Axes
 58399 | Vaults:5 | Got a silver rune of Zot
 58463 | Vaults:5 | Identified the +5 falchion of Protecting Misery {holy,
                  | Dex+3}
 59122 | Temple   | Fell from the grace of Okawaru
 59122 | Temple   | Became a worshipper of the Shining One
 59380 | Crypt:1  | Entered Level 1 of the Crypt
 59517 | Crypt:1  | Reached * piety under the Shining One
 59677 | Crypt:1  | Reached ** piety under the Shining One
 60316 | Crypt:2  | Reached *** piety under the Shining One
 60339 | Crypt:2  | Noticed Khufu
 60345 | Crypt:2  | Noticed a royal mummy
 60355 | Crypt:1  | Killed Khufu
 60516 | Crypt:1  | Killed a royal mummy
 60592 | Crypt:1  | Reached **** piety under the Shining One
 60938 | Crypt:2  | Reached ***** piety under the Shining One
 61022 | Crypt:2  | Identified the +1 robe of Vuazeihu {rF+ Int-2 Dex+9
                  | Archmagi}
 61418 | Crypt:3  | Entered Level 3 of the Crypt
 61447 | Crypt:3  | Reached ****** piety under the Shining One
 61552 | Crypt:3  | Noticed Vv
 61567 | Crypt:3  | Killed Vv
 61722 | Crypt:3  | Identified a +9 battleaxe of holy wrath (a +7 battleaxe of
                  | electrocution blessed by the Shining One)
 61722 | Crypt:3  | Received a gift from the Shining One
 61744 | Crypt:3  | Found a basalt altar of Yredelemnul.
 61744 | Crypt:3  | Noticed a dread lich
 61746 | Crypt:3  | Killed a dread lich
 62118 | Crypt:3  | Found a staircase to the Tomb.
 62126 | Crypt:3  | Identified the +6 long sword of Indomitability {freeze,
                  | rElec}
 62238 | Tomb:1   | Entered Level 1 of the Tomb of the Ancients
 62621 | Tomb:1   | Noticed a royal mummy
 62625 | Tomb:1   | Noticed a royal mummy
 62636 | Tomb:1   | Killed a royal mummy
 62639 | Tomb:1   | Killed a royal mummy
 63416 | Hell     | Entered the Vestibule of Hell
 63416 | Hell     | Noticed Geryon
 63429 | Hell     | Reached skill level 26 in Axes
 63435 | Hell     | Killed Geryon
 63562 | Hell     | Found a gateway to the Iron City of Dis.
 63651 | Hell     | Found a gateway to the ashen valley of Gehenna.
 63833 | Hell     | Found a gateway to the decaying netherworld of Tartarus.
 63972 | Hell     | Found a gateway to the freezing wastes of Cocytus.
 64170 | Zot:1    | Entered Level 1 of the Realm of Zot
 64298 | Zot:1    | Found the ring of the Mage {Wiz Archmagi}
 64663 | Zot:1    | Noticed an orb of fire
 64688 | Zot:1    | Identified the +6 flail of Osmufiumi {venom, Int+3 Dex+3}
 65031 | Zot:2    | Found Jetumesk's Changing Room.
 66185 | Zot:3    | You fall into a shaft and drop 1 floor!
 67050 | Zot:3    | Was forgiven by Okawaru
 67089 | Zot:3    | Reached skill level 27 in Axes
 68071 | Zot:5    | Entered Level 5 of the Realm of Zot
 68087 | Zot:5    | Found Zeusex Epsi's CLEARANCE SALE!.
 68232 | Zot:5    | Noticed a dread lich
 68238 | Zot:5    | Killed a dread lich
 68243 | Zot:5    | Noticed a Killer Klown
 68245 | Zot:5    | Noticed a Killer Klown
 68263 | Zot:5    | Noticed an orb of fire
 68269 | Zot:5    | Killed an orb of fire
 68270 | Zot:5    | Killed a Killer Klown
 68272 | Zot:5    | Killed a Killer Klown
 68311 | Zot:5    | Noticed a Killer Klown
 68322 | Zot:5    | Killed a Killer Klown
 68337 | Zot:5    | Noticed a dread lich
 68345 | Zot:5    | Killed a dread lich
 68404 | Zot:5    | Noticed an orb of fire
 68406 | Zot:5    | Gained mutation: Your magical capacity is low. (-10% MP)
                  | [an orb of fire]
 68414 | Zot:5    | Killed an orb of fire
 68579 | Zot:5    | Noticed a Killer Klown
 68590 | Zot:5    | Killed a Killer Klown
 68629 | Zot:5    | Noticed a Killer Klown
 68636 | Zot:5    | Killed a Killer Klown
 68671 | Zot:5    | Noticed an ancient lich
 68679 | Zot:5    | Killed an ancient lich
 68698 | Zot:5    | Noticed a Killer Klown
 68707 | Zot:5    | Killed a Killer Klown
 68806 | Zot:5    | Noticed a Killer Klown
 68829 | Zot:5    | Killed a Killer Klown
 68865 | Zot:5    | Noticed a Killer Klown
 68877 | Zot:5    | Killed a Killer Klown
 68954 | Zot:5    | Got the Orb of Zot
 69193 | Depths:4 | Noticed Heegooc the pandemonium lord
 69236 | Depths:3 | Noticed Jymnu Qoo the pandemonium lord
 69240 | Depths:3 | Killed Jymnu Qoo the pandemonium lord
 69313 | Depths:1 | Noticed Daskoshro the pandemonium lord
 69314 | Depths:1 | Noticed an ancient lich
 69333 | D:15     | Noticed Zagic the pandemonium lord
 69788 | D:$      | Escaped with the Orb!

Illustrated notes

Levels and vault maps discovered:
D:1:      dpeg_arrival_round_a, layout_basic, serial_shops, shop_statue,
          minmay_distorted
D:2:      layout_loops_corners, chequers_ecumenical_altar_simple,
          kennysheep_generic_room_7, uniq_robin, uniq_jessica
D:3:      layout_loops_cross, nicolae_overflow_two_pavilions, uniq_natasha,
          uniq_terence, uniq_ijyb
D:4:      layout_cave_pools, minmay_misc_feat_cross, reono_crystal_passage,
          uniq_eustachio, uniq_grinder
D:5:      layout_basic, minmay_temple_entry_statues, nzn_random_ring
D:6:      layout_layer_cave, serial_shops, shop, kennysheep_generic_room_5,
          uniq_edmund
D:7:      layout_loops_ring, grunt_temple_overflow_open, serial_shops,
          shop_fountains, uniq_maggie
D:8:      layout_basic, st_stairs_4, kennysheep_kite_vault
D:9:      layout_basic, overflow_temple_1_default, mainiacjoe_overflow_alcove_1,
          serial_ice, serial_ice_f, serial_ice_d, serial_ice_o, serial_ice_g,
          kennysheep_nub, uniq_prince_ribbit1, uniq_gastronok
D:10:     layout_cave_pools, david_orc_5, nicolae_trove_entry_crystal,
          roderic_serpentine_path, minmay_lindwurm_lava
D:11:     layout_layer_cave, lair_entry_dummy
D:12:     layout_loops_corners, serial_undead, serial_undead_b, serial_undead_c,
          serial_undead_e, serial_undead_b, uniq_josephine, uniq_frances
D:13:     layout_cave_pools, serial_demonic, serial_demonic_a, serial_demonic_c,
          serial_demonic_e, serial_demonic_e, serial_demonic_d,
          serial_demonic_d, serial_demonic_g, serial_demonic_e,
          kennysheep_path_1, xom_redecorated
D:14:     layout_cave_pods, lightli_vaults_fourway_checkpoint,
          hangedman_abyss_or_decor_slice, minmay_diamond_spiral
D:15:     grunt_enter_depths_giant_problem, layout_basic,
          yredelemnul_altar_generic, uniq_roxanne
Temple:   eino_temple_rhombus
Lair:1:   layout_cave_pods, grunt_forest_large_clearing_hut,
          infiniplex_staircase_pool_2, serial_bayou_shore_a
Lair:2:   layout_cave_pods, spider_nest_entry_web_field,
          nicolae_volcano_entry_hallway, portal_ice_cave_entry_ice_simulacra,
          chequers_serial_rivers_large_a, st_stairs_4,
          cheibrodos_lair_reptile_den
Lair:3:   layout_gridlike, minmay_swamp_entry_wisps, nicolae_lair_grazing_beasts
          [nicolae_sub_lair_graze_edge, nicolae_sub_lair_graze_edge,
          nicolae_sub_lair_graze_edge, nicolae_sub_lair_graze_edge]
Lair:4:   layout_regular_city, dpeg_slime_entry_enclosed,
          infiniplex_staircase_pool
Lair:5:   minmay_lair_end_enchanted_forest, layout_cave_pods,
          nicolae_lair_grove_arrangements
Swamp:1:  layout_basic_swamp, nicolae_swamp_small_spring
Swamp:2:  layout_basic_swamp, evilmike_swamp_ruin_house_1, swamp_pool4
Swamp:3:  layout_basic_swamp, serial_swamp_ruin, evilmike_swamp_ruin_rubble_2,
          evilmike_swamp_ruin_house_5, evilmike_swamp_ruin_house_6
Swamp:4:  swamp_old_school, layout_basic_swamp
Spider:1: layout_cave_pods
Spider:2: layout_spider_delve, special_room [special_room_bee],
          gammafunk_ghost_mausoleum
Spider:3: layout_spider_delve, worms_lemuel
Spider:4: grunt_spider_rune_parallel, nicolae_spider_moth_buddies
Orc:1:    layout_diamond_mine, serial_shops,
          nicolae_shop_temple_entry_statues_fountains, nicolae_shop_self_help,
          uniq_fannar, uniq_urug
Orc:2:    st_orc_rangers, layout_diamond_mine, serial_shops,
          nicolae_shop_hallway_plus
Elf:1:    nicolae_elf_arrival_fired_up, layout_rooms, minivault_28,
          david_defended_altar_elf, grunt_megastairs_5
Elf:2:    nicolae_elf_blades_crystal_corner, layout_loops_corners, serial_shops,
          shop, nicolae_shop_waterfront, shop_statue, nicolae_shop_stone
Elf:3:    minmay_elf_hall_furrowed, layout_onion_city, serial_shops,
          nicolae_shop_crystal, shop, shop, grunt_ministairs_9, uniq_nikola
Vaults:1: hellmonk_ghost_happy_afterlife, ontoclasm_vaults_spin, v_misc_11,
          v_alt_pattern_5, nicolae_vaults_yaktaur_gun_rack,
          hangedman_vaults_cutoff, vaults_standard_mumra_enter_the_diamond,
          serial_ice_g, nicolae_vaults_little_squares_4,
          ontoclasm_vaults_ring_small, nicolae_vaults_diagonal_hallway_6,
          vaults_dpeg_emergency_exit, v_misc_19,
          nicolae_vaults_little_squares_4, layout_vaults_big_room
Vaults:2: ontoclasm_vaults_fire_temple, hangedman_vaults_corner_blocks,
          v_misc_30, v_misc_17, grunt_vaults_hallway_long,
          ontoclasm_vaults_ring_small, ontoclasm_vaults_pinch,
          hangedman_vaults_maws, hangedman_vaults_nodes,
          nicolae_vaults_triangles, nicolae_vaults_specimen_jars,
          ontoclasm_vaults_misaligned, layout_vaults_omnibox, serial_shops,
          bzr_entry_water
Vaults:3: minmay_crypt_entry_simple_round, nicolae_vaults_inception_statues,
          v_pattern_3, nicolae_vaults_theta, nicolae_vaults_little_squares_3,
          hangedman_vaults_slice, ontoclasm_vaults_idyll,
          grunt_vaults_hallway_long, ontoclasm_vaults_twist,
          vaults_room_stairs_pillars, nicolae_vaults_sealed_display,
          vaults_room_large_hall, layout_vaults_maze_bifur, serial_shops,
          freezing_bzr
Vaults:4: infiniplex_enter_wizlab_water, nicolae_vaults_what_the_h, v_misc_27,
          v_misc_13, v_misc_30, vaults_room_mumra_shop_pool, vaults_dpeg_ring,
          v_misc_10, hangedman_vaults_corner_blocks, ontoclasm_vaults_shuriken,
          nicolae_vaults_alarming, vaults_room_stairs_pillars,
          vaults_mumra_hexcomb, layout_vaults_big_cross, serial_shops,
          nicolae_shop_stone, serial_glass
Vaults:5: uniq_margery
Crypt:1:  layout_catacombs
Crypt:2:  dreamdust_cat_pyramid, layout_regular_city, st_stairs_11,
          grunt_megastairs_4, uniq_khufu
Crypt:3:  cryptofortress_bobbens, uniq_vv
Tomb:1
Depths:1: layout_basic, hangedman_abyss_entry_splay, hellmouth_3, nicolae_titane
Depths:2: hangedman_slaughterboxes, pan_entry, hell_entry
Depths:3: kennysheep_blocky_room, layout_basic,
          nicolae_abyss_entry_one_way_or_another, minmay_holes,
          rand_demon_pan_entry_9, hell_entry, minmay_misc_feat_more_columns,
          evilmike_minifort, uniq_mennas
Depths:4: grunt_twist_and_shout, layout_cave_shapes, serial_shops,
          nicolae_shop_hallway_plus, minmay_misc_feat_enclosed,
          hangedman_tar_grid_catacomb
Hell
Zot:1:    layout_basic, nrook_zot_tub
Zot:2:    layout_onion, nicolae_transmutations_shop, grunt_megastairs_3
Zot:3:    layout_gridlike
Zot:4:    lemuel_draconian_sentries, layout_basic,
          hangedman_zot_decor_checkerboard
Zot:5:    layout_cellular_growth, nicolae_shop_clearance

Skill      XL: |  1  2  3  4  5  6  7  8  9 10 11 12 13 14 15 16 17 18 19 20 21 22 23 24 25 26 27 |
---------------+----------------------------------------------------------------------------------+-----
Dodging        | 1 2 3 4 5 6 7 8 9 10 11 12 13 14 15 16 17 18 20 | 20.4
Axes           | 3 4 5 6 7 9 10 11 12 13 14 15 16 17 19 20 21 22 23 24 27 | 27.0
Fighting       | 4 5 6 7 8 9 10 11 12 13 14 15 16 17 18 19 22 | 22.6
Armour         | 4 5 6 7 8 9 10 11 12 13 14 16 17 18 21 | 21.8
Shields        | 5 6 7 9 10 11 12 13 14 15 17 18 23 | 23.6
Invocations    | 3 4 6 7 9 10 11 12 13 14 15 16 17 18 | 18.0
Ranged Weapons | 3 5 7 8 9 14 | 14.4

Action                   |  1- 3 |  4- 6 |  7- 9 | 10-12 | 13-15 | 16-18 | 19-21 | 22-24 | 25-27 || total
-------------------------+-------+-------+-------+-------+-------+-------+-------+-------+-------++-------
Melee: War axe           |    63 |   171 |   267 |   381 |       |       |       |       |       ||   882
       Unarmed           |       |     5 |       |       |       |       |       |       |       ||     5
       Broad axe         |       |       |       |   414 |   351 |    62 |       |       |       ||   827
       Battleaxe         |       |       |       |       |   709 |  1223 |  1514 |  1013 |  1297 ||  5756
       Flail             |       |       |       |       |    37 |       |       |       |       ||    37
       Hand axe          |       |       |       |       |       |    67 |       |       |       ||    67
       Executioner's axe |       |       |       |       |       |       |       |       |   840 ||   840
 Fire: Arbalest          |       |       |       |       |       |       |       |       |    11 ||    11
Throw: Dart              |       |       |       |       |     9 |       |       |       |       ||     9
Invok: Heroism           |       |       |     1 |     3 |     6 |     3 |       |     3 |     3 ||    19
       Finesse           |       |       |       |       |     3 |     4 |       |     2 |     3 ||    12
       Cleansing Flame   |       |       |       |       |       |       |       |       |     6 ||     6
       Divine Shield     |       |       |       |       |       |       |       |       |     3 ||     3
       Summon Divine War |       |       |       |       |       |       |       |       |     3 ||     3
       Brand Weapon With |       |       |       |       |       |       |       |       |     1 ||     1
 Abil: Dig               |       |       |     1 |     1 |     6 |     1 |     3 |     1 |     9 ||    22
Evoke: Wand              |       |       |       |       |     4 |       |     1 |       |     9 ||    14
  Use: Scroll            |       |       |     9 |     3 |     8 |    12 |     3 |       |    22 ||    57
       Potion            |       |       |       |     2 |       |       |     1 |     1 |     6 ||    10
 Stab: Confused          |       |       |       |       |       |     2 |       |       |       ||     2
       Distracted        |       |       |       |       |       |       |     1 |     2 |       ||     3
Armor: Scale mail        |    16 |     1 |       |       |       |       |       |       |       ||    17
       Ring mail         |       |    55 |    74 |   222 |   231 |    47 |       |       |       ||   629
       Skin              |       |     1 |       |     5 |       |       |       |       |       ||     6
       Chain mail        |       |       |       |       |       |   480 |   620 |   221 |   429 ||  1750
Dodge: Dodged            |    31 |    84 |   155 |   376 |   395 |   525 |   637 |   238 |   873 ||  3314
Block: Buckler           |    15 |    39 |    76 |   314 |       |       |       |       |       ||   444
       Kite shield       |       |       |       |    40 |   123 |       |       |       |       ||   163
       Tower shield      |       |       |       |       |   891 |  1595 |  1691 |   736 |  1900 ||  6813
